 Dungeon Crawl Stone Soup version 0.30-a0-779-g7971cf19c3 (webtiles) character file.

Game seed: 17578211504898082185

188 Pimp the Magician (level 5, -2/28 HPs)
             Began as a Deep Elf Venom Mage on Feb 17, 2023.
             Slain by a black bear (4 damage)
             ... on level 4 of the Dungeon.
             The game lasted 00:12:37 (3575 turns).

Pimp the Magician (Deep Elf Venom Mage)             Turns: 3575, Time: 00:12:38

Health: -2/28      AC:  2    Str:  5    XL:     5   Next: 39%
Magic:  6/13       EV: 13    Int: 22    God:
Gold:   121        SH:  0    Dex: 15    Spells: 7/13 levels left

rFire   . . .      SeeInvis +    c - +0 dagger
rCold   . . .      Faith    .    (no shield)
rNeg    + . .      Spirit   .    a - +0 robe
rPois   .          Reflect  .    j - +0 hat
rElec   .          Harm     .    (no cloak)
rCorr   .          Rampage  .    (no gloves)
Will    .....                    (no boots)
Stlth   ++                       (no amulet)
HPRegen 0.24/turn                n - ring of positive energy
MPRegen 0.13/turn                e - ring of see invisible

@: no status effects
A: no striking features
a: no special abilities


You were on level 4 of the Dungeon.
You visited 1 branch of the dungeon, and saw 4 of its levels.

You collected 121 gold pieces.

Inventory:

Hand Weapons
 c - a +0 dagger (weapon)
Missiles
 r - 5 silver javelins
Armour
 a - a +0 robe (worn)
 j - a +0 hat (worn)
Jewellery
 e - a ring of see invisible (right hand)
 l - a ring of positive energy
 n - a ring of positive energy (left hand)
Scrolls
 f - a scroll of summoning
Potions
 b - a potion of magic
 d - 2 potions of flight
 i - a potion of lignification
 q - a potion of might


   Skills:
 + Level 0.5 Fighting
 + Level 1.0 Short Blades
 + Level 3.1 Dodging
 + Level 3.2 Stealth
 + Level 4.5 Spellcasting
 + Level 2.3 Transmutations
 + Level 0.5 Air Magic
 + Level 4.5 Poison Magic


You had 7 spell levels left.
You knew the following spells:

 Your Spells              Type           Power      Damage    Failure   Level
a - Sting                 Tmut/Pois      80%        1d7       2%          1
b - Poisonous Vapours     Pois/Air       32%        N/A       6%          2
c - Mephitic Cloud        Conj/Pois/Air  12%        N/A       16%         3

Your spell library contained the following spells:

 Spells                   Type           Power      Damage    Failure   Level
 Kiss of Death            Conj/Necr      20%        2d7       11%         1
 Olgreb's Toxic Radiance  Pois           24%        N/A       17%         4
 Confusing Touch          Hex            5%         N/A       32%         3
 Dispel Undead            Necr           5%         3d7       71%         4


Dungeon Overview and Level Annotations

Branches:
Dungeon (4/15)
 Temple: D:4-7

Altars:

Annotations:
D:4 Robin


Message History

Aiming: Poisonous Vapours (safe; 6% risk of failure)
Press: ? - help, Dir - move target, f/p - black bear
Aim: a black bear (lightly wounded, poisoned) Poisonous vapours surround the black bear!
The black bear looks even sicker.
The black bear attacks as you move away!
The black bear bites you. The black bear closely misses you. x2
The black bear attacks as you move away!
The black bear closely misses you. x2; The black bear claws you.
The black bear attacks as you move away!
The black bear bites you!
The black bear claws you but does no damage.
The black bear barely misses you.
The black bear attacks as you move away!
The black bear closely misses you. x2; The black bear claws you.
The black bear attacks as you move away!
The black bear bites you. The black bear claws you. x2
* * * LOW HITPOINT WARNING * * *
Casting: Poisonous Vapours (safe; 6% risk of failure)
Confirm with . or Enter, or press ? or * to list all spells.
Aiming: Sting (safe; 2% risk of failure)
Press: ? - help, Shift-Dir - straight line, f/p - black bear
Aim: a black bear (moderately wounded, poisoned, 82% to hit)
The sting hits the black bear but does no damage.
The black bear looks even sicker.
The black bear is moderately wounded.
The black bear barely misses you. The black bear completely misses you.
The black bear claws you.
* * * LOW HITPOINT WARNING * * *
Casting: Sting (safe; 2% risk of failure)
Confirm with . or Enter, or press ? or * to list all spells.
Aiming: Sting (safe; 2% risk of failure)
Press: ? - help, Shift-Dir - straight line, f/p - black bear
Aim: a black bear (moderately wounded, very poisoned, 82% to hit)
The sting hits the black bear.
The black bear looks even sicker.
The black bear is moderately wounded.
The black bear bites you.
* * * LOW HITPOINT WARNING * * *
The black bear claws you.
You die...

#........(...........
#..................##
###########..#.###.#
#..##.#<#
#...#.#.###.#.#
..$...#. #.#.# #..
###...... #.#.#.#.#
#!#.....####.#.)...#
#.##........@...#.#
#.#...####h#.....#
#.##..###.##..#.#
#.#............#
#.####...#..###
...>..)#..$#......#
...##.. ..!#...#..#
#... :.)#...#..#
...##.####...#.##


You could see a black bear (very poisoned).

Vanquished Creatures
  A phantom (D:3)
  A hound (D:3)
  An adder (D:2)
  5 orcs
  5 bats
  6 endoplasms
  A giant cockroach (D:3)
  11 goblins
  5 hobgoblins
  9 jackals
  5 kobolds
  4 quokkas
  5 ball pythons
  A frilled lizard (D:2)
  5 rats
65 creatures vanquished.

Notes
Turn   | Place    | Note
-------+----------+-------------------------------------------
     0 | D:1      | Pimp the Deep Elf Venom Mage began the quest for the Orb.
     0 | D:1      | Reached XP level 1. HP: 10/10 MP: 6/6
   106 | D:1      | Reached XP level 2. HP: 12/15 MP: 2/8
   384 | D:1      | Found a faded altar of an unknown god.
   985 | D:1      | Reached XP level 3. HP: 19/19 MP: 6/9
  2253 | D:3      | Learned a level 2 spell: Poisonous Vapours
  2257 | D:3      | Learned a level 3 spell: Mephitic Cloud
  2529 | D:3      | Identified the +0 leather armour of Xionucun {*Slow rElec
                  | rC+ Will++}
  2657 | D:4      | Reached XP level 4. HP: 24/24 MP: 9/11
  2658 | D:4      | Noticed Robin
  3360 | D:4      | Noticed a phantom
  3368 | D:4      | Noticed a black bear
  3399 | D:3      | HP: 1/24 [phantom (5)]
  3407 | D:3      | Killed a phantom
  3408 | D:3      | Reached skill level 1 in Short Blades
  3408 | D:3      | Reached XP level 5. HP: 28/28 MP: 11/13
  3575 | D:4      | Slain by a black bear

Illustrated notes

Levels and vault maps discovered:
D:1:      moated_graveyard_arrival, layout_basic,
          dreamdust_ecumenical_altar_hidden_monk_grotto
D:2:      layout_loops_ring
D:3:      layout_basic
D:4:      layout_basic, minmay_vboxes, uniq_robin

Skill      XL: |  1  2  3  4 |
---------------+-------------+-----
Poison Magic   | 4 |  4.5
Transmutations | 2 |  2.3
Stealth        | 3 |  3.2
Spellcasting   | 4 |  4.5
Short Blades   | 1 |  1.0
Dodging        | 3 |  3.1
Fighting       | |  0.5
Air Magic      | |  0.5

Action                     |  1- 3 |  4- 6 || total
---------------------------+-------+-------++-------
  Melee: Dagger            |    86 |    29 ||   115
         Unarmed           |     2 |       ||     2
         Punch             |     1 |       ||     1
   Cast: Sting             |    49 |    20 ||    69
         Poisonous Vapours |       |    10 ||    10
         Mephitic Cloud    |       |     3 ||     3
    Use: Scroll            |     3 |     8 ||    11
         Potion            |       |     5 ||     5
   Stab: Sleeping          |     6 |       ||     6
 Armour: Robe              |    16 |    18 ||    34
  Dodge: Dodged            |    85 |    61 ||   146

Table legend: (Time is in decaauts)
 A = Elapsed time spent in this place.
 B = Non-inter-level travel time spent in this place.
 C = Inter-level travel time spent in this place.
 D = Time resting spent in this place.
 E = Time spent auto-exploring this place.
 F = Levels seen in this place.
 G = Mean time per level.
                   A        B        C        D        E       F      G
               +--------+--------+--------+--------+--------+-----+--------+
         Total |   3576 |   3285 |    291 |    876 |   1689 |   4 |  894.0 |
       Dungeon |   3576 |   3285 |    291 |    876 |   1689 |   4 |  894.0 |
               +--------+--------+--------+--------+--------+-----+--------+

Top non-repeatable levels by time:
     D:3: 1394 daAuts
     D:1: 1303 daAuts
     D:2: 728 daAuts
     D:4: 150 daAuts
